 Dungeon Sprint DCSS version 0.28-a0-10-g964c8b829e (webtiles) character file.

Game seed: 12545640639441141269

13779 Conn the Scorcher (level 12, -8/74 HPs)
             Began as an Octopode Fire Elementalist on July 25, 2021.
             Was the Champion of Sif Muna.
             Mangled by a lorocyproca (32 damage)
             ... in the Dungeon (Sprint I: "Red Sonja").
             The game lasted 00:51:00 (4338 turns).

Conn the Scorcher (Octopode Fire Elementalist)      Turns: 4338, Time: 00:51:01

Health: -8/74      AC:  5    Str:  8      XL:     12   Next: 9%
Magic:  12/38      EV: 16    Int: 30 (33) God:    Sif Muna [******]
Gold:   22         SH:  5    Dex: 15      Spells: 0/38 levels left

rFire   + . .      SeeInvis .   e - +1 scythe (protect)
rCold   + . .      Faith    .   (shield currently unavailable)
rNeg    . . .      Spirit   .   (helmet restricted)
rPois   .          Reflect  +   g - amulet of reflection
rElec   .          Harm     .   q - ring "Zanin" {AC+4 Int+5 Dex+3}
rCorr   .          Rampage  .   r - ring of magical power
Will    .....      NoTele   +   f - ring of protection from fire
Stlth   +++++.....              p - ring of protection from cold
HPRegen 0.22/turn               t - +6 ring of intelligence
MPRegen 0.26/turn               (no ring)
                                (no ring)
                                (no ring)

@: no status effects
A: almost no armour, amphibious, 8 rings, camouflage 1, gelatinous body 1,
(nimble swimmer 1), tentacles, deterioration 1
a: Renounce Religion, Channel Magic, Forget Spell, Divine Exegesis


You were in the Dungeon.
You worshipped Sif Muna.
Sif Muna was exalted by your worship.
You visited 1 branch You collected 3162 gold pieces.
You spent 3140 gold pieces at shops.

Inventory:

Hand Weapons
 c - a +0 dagger
 e - a +1 scythe of protection (weapon)
 s - a +2 short sword of venom
Missiles
 h - 3 curare-tipped darts
Jewellery
 f - a ring of protection from fire (on tentacle)
 g - an amulet of reflection (around mantle)
 p - a ring of protection from cold (on tentacle)
 q - the ring "Zanin" (left tentacle) {AC+4 Int+5 Dex+3}
   (You bought it in a shop in the Dungeon)

   [ring of protection]

   AC:        It affects your AC (+4).
   Int:       It affects your intelligence (+5).
   Dex:       It affects your dexterity (+3).
 r - a ring of magical power (right tentacle)
 t - a +6 ring of intelligence (on tentacle)
Wands
 i - a wand of polymorph (7)
 j - a wand of digging (2)
Scrolls
 k - 2 scrolls of identify {unknown}
 l - a scroll of immolation {unknown}
 m - a scroll of enchant weapon {unknown}
 n - 2 scrolls of fog {unknown}
 o - a scroll of amnesia {unknown}
Potions
 a - 4 potions of curing


   Skills:
 + Level 4.0 Fighting
 + Level 9.0 Polearms
 + Level 7.3 Dodging
 - Level 10.1 Stealth
 + Level 1.9 Shields
 + Level 3.0 Unarmed Combat
 + Level 13.5 Spellcasting
 * Level 12.5 Conjurations
 + Level 0.4 Hexes
 - Level 5.0 Translocations
 * Level 15.7 Fire Magic
 + Level 0.6 Earth Magic
 - Level 7.2 Invocations


You couldn't memorise any spells.
You knew the following spells:

 Your Spells              Type           Power      Damage    Failure   Level
a - Foxfire               Conj/Fire      100%       2x1d9     0%          1
b - Conjure Flame         Conj/Fire      81%        6-21      1%          3
c - Inner Flame           Hex/Fire       62%        N/A       1%          3
d - Sticky Flame          Conj/Fire      81%        2d9       1%          4
e - Fireball              Conj/Fire      40%        3d16      1%          5
f - Blink                 Tloc           N/A        N/A       1%          2
g - Iskenderun's Battles  Conj           77%        2d13      1%          5
h - Orb of Destruction    Conj           38%        9d13      12%         7
i - Bolt of Magma         Conj/Fire/Erth 33%        4d15      1%          5
j - Ozocubu's Armour      Ice            20%        N/A       8%          3

Your spell library contained the following spells:

 Spells                   Type           Power      Damage    Failure   Level
 Magic Dart               Conj           100%       1d8       0%          1
 Corona                   Hex            24%        N/A       1%          1
 Searing Ray              Conj           100%       3d7       1%          2
 Static Discharge         Conj/Air       55%        N/A       1%          2
 Stone Arrow              Conj/Erth      100%       3d13      1%          3
 Starburst                Conj/Fire      40%        8x6d12    1%          6
 Pain                     Necr           80%        1d8       2%          1
 Ensorcelled Hibernation  Hex/Ice        42%        N/A       3%          2
 Passwall                 Tmut/Erth      18%        N/A       3%          2
 Slow                     Hex            22%        N/A       3%          2
 Irradiate                Conj/Tmut      27%        3d23      4%          5
 Lightning Bolt           Conj/Air       27%        1d44      4%          5
 Confusing Touch          Hex            22%        N/A       6%          3
 Tukima's Dance           Hex            22%        N/A       6%          3
 Swiftness                Air            20%        N/A       8%          3
 Manifold Assault         Tloc           50%        N/A       9%          5
 Iron Shot                Conj/Erth      28%        9d6       24%         6
 Ignition                 Fire           43%        3d12      26%         8
 Conjure Ball Lightning   Conj/Air       27%        3x3d8     28%         6
 Borgnjor's Vile Clutch   Necr/Erth      11%        N/A       52%         5
 Yara's Violent Unravell  Hex/Tmut       10%        3d6       52%         5
 Agony                    Necr           20%        N/A       56%         5
 Spellforged Servitor     Conj/Summ      27%        N/A       83%         7
 Invisibility             Hex            11%        N/A       97%         6
 Statue Form              Tmut/Erth      14%        N/A       97%         6
 Simulacrum               Ice/Necr       10%        N/A       98%         6
 Haunt                    Necr/Summ      10%        N/A       100%        7
 Storm Form               Tmut/Air       10%        N/A       100%        7
 Lehudib's Crystal Spear  Conj/Erth      28%        10d7      100%        8
 Necromutation            Tmut/Necr      10%        N/A       100%        8
 Chain Lightning          Conj/Air       27%        3d36      100%        9


Dungeon Overview and Level Annotations

Branches:
Dungeon (1/1)

Altars:
Cheibriados
Dithmenos
Elyvilon
Fedhas
Gozag
Hepliaklqana
Kikubaaqudgha
Makhleb
Nemelex Xobeh
Okawaru
Qazlal
Ru
Sif Muna
Trog
Uskayaw
Vehumet
Wu Jian
Xom
Yredelemnul
Zin
The Shining One
Jiyva
Lugonu

Shops:
D *(!:(**[[[:=!([::=[[:


Innate Abilities, Weirdness & Mutations

You cannot wear most types of armour.
You are amphibious.
You can wear up to eight rings at the same time.
Your skin changes colour to match your surroundings (Stealth+).
Your rubbery body absorbs attacks. (AC +1, EV +1)
((You are camouflaged near water. (Stealth+)))
You have tentacles for arms and can constrict up to eight enemies at once.
Your body sometimes deteriorates upon taking damage.


Message History

Confirm with . or Enter, or press ? or * to list all spells.
Aiming: Sticky Flame (safe; 1% risk of failure)
Press: ? - help, Shift-Dir - straight line, f - you The sticky flame hits something.
The lorocyproca is covered in liquid flames!
A lorocyproca comes into view.
The lorocyproca burns!
The lorocyproca misses you.
Casting: Sticky Flame (safe; 1% risk of failure)
Confirm with . or Enter, or press ? or * to list all spells.
Aiming: Bolt of Magma (dangerous; 1% risk of failure)
Press: ? - help, Shift-Dir - straight line, f - lorocyproca
Aim: a lorocyproca (severely wounded, slightly transparent, covered in liquid flames, 76% to hit)
The bolt of magma misses the lorocyproca.
The lorocyproca burns!
The lorocyproca closely misses you.
The lorocyproca burns!
Something hits you!
Your body deteriorates!
You feel dopey.
You feel your power leaking away.
The meliai mumbles some strange prayers to its god against you.
Something smites you!
Your body deteriorates!
You feel dopey.
Casting: Bolt of Magma (dangerous; 1% risk of failure)
Confirm with . or Enter, or press ? or * to list all spells.
Okay, then.
Okay, then.
You feel much better. Something hits you!
You feel your power leaking away.
Casting: Bolt of Magma (dangerous; 1% risk of failure)
Confirm with . or Enter, or press ? or * to list all spells.
Okay, then.
Something hits you!
You feel your power leaking away.
Casting: Bolt of Magma (dangerous; 1% risk of failure)
Confirm with . or Enter, or press ? or * to list all spells.
Okay, then.
You feel less invigorated. Something hits you!!
* * * LOW HITPOINT WARNING * * *
Your body deteriorates!
You feel dopey.
You feel your power leaking away.
You feel much better. Something hits you!
Okay, then.
Magic courses through your body. Something hits you!!
You die...

#################################
.'..#__#..[[..#.(#.§§.§§§§§§.'..#
.#..'..'..#..§##'#§####§....##..'
###'#__####...§.§#.# ##§§.######
..#§####§§#####§.'§#+#$###+#
.##.#≈≈§§§#..##§####^.$#y#
'#_.'§§≈§.'..#§§@{.#..$###
..._#§§§§§#§.#.^...'..$$$#
_.#'##§#####'###°○☼#^....#
#'#.#).§.###.'.#○○.###++##
#.####'###.###.#°☼##
...'.....'[∩##.#°.#
...###########.##+#
#.###......§##.##.#
#'#.#........§§####


There were no monsters in sight!

Vanquished Creatures
  A hydra (D)
  2 centaur warriors (D)
  Sonja (D)
  A deep troll (D)
  A lindwurm (D)
  8 shining eyes (D)
  An oklob plant (D)
  A gargoyle (D)
  2 unseen horrors (D)
  4 demonic crawlers (D)
  2 kobold demonologists (D)
  A slime creature (D)
  A hornet (D)
  Sigmund (D)
  2 redbacks (D)
  13 hogs (D)
  A yak (D)
  7 floating eyes (D)
  An ogre (D)
  7 necrophages (D)
  8 jellies (D)
  Ijyb (D)
  2 ballistomycete spores (D)
69 creatures vanquished.

Vanquished Creatures (others)
  A gargoyle (D)
  89 foxfires (D)
90 creatures vanquished.

Grand Total: 159 creatures vanquished

Notes
Turn   | Place    | Note
-------+----------+-------------------------------------------
     0 | D        | Conn the Octopode Fire Elementalist began the quest for the
                  | Orb.
     0 | D        | Reached XP level 1. HP: 11/11 MP: 3/3
     2 | D        | Noticed Ijyb
    18 | D        | Killed Ijyb
    19 | D        | Reached skill level 5 in Fire Magic
    19 | D        | Reached XP level 2. HP: 12/17 MP: 0/6
    19 | D        | Reached XP level 3. HP: 15/21 MP: 0/7
    52 | D        | Learned a level 3 spell: Conjure Flame
    52 | D        | Noticed an ogre
    71 | D        | Killed an ogre
    72 | D        | Reached skill level 7 in Fire Magic
    72 | D        | Reached XP level 4. HP: 17/27 MP: 2/10
    76 | D        | Learned a level 3 spell: Inner Flame
    81 | D        | Learned a level 4 spell: Sticky Flame
   181 | D        | Noticed Sigmund
   202 | D        | Killed Sigmund
   203 | D        | Reached skill level 5 in Stealth
   203 | D        | Reached skill level 1 in Unarmed Combat
   203 | D        | Reached skill level 9 in Fire Magic
   203 | D        | Reached XP level 5. HP: 26/31 MP: 1/13
   203 | D        | Reached XP level 6. HP: 30/36 MP: 1/15
   321 | D        | Found an ornate altar of the Wu Jian Council.
   321 | D        | Found a shimmering blue altar of Sif Muna.
   323 | D        | Found a radiant altar of Vehumet.
   341 | D        | Became a worshipper of Sif Muna the Loreminder
   363 | D        | Found Qitawn's Book Emporium.
   363 | D        | Found an ancient bone altar of Kikubaaqudgha.
   363 | D        | Found a hazy altar of Hepliaklqana.
   363 | D        | Found a stormy altar of Qazlal.
   363 | D        | Found a hide-covered altar of Uskayaw.
   363 | D        | Found a blossoming altar of Fedhas.
   363 | D        | Found a bloodstained altar of Trog.
   363 | D        | Found an iron altar of Okawaru.
   363 | D        | Found a basalt altar of Yredelemnul.
   363 | D        | Found a glowing golden altar of the Shining One.
   363 | D        | Found a snail-covered altar of Cheibriados.
   363 | D        | Found a sacrificial altar of Ru.
   363 | D        | Found a glowing silver altar of Zin.
   363 | D        | Found a shadowy altar of Dithmenos.
   363 | D        | Found a white marble altar of Elyvilon.
   363 | D        | Noticed a yak
   364 | D        | Found an opulent altar of Gozag.
   372 | D        | Killed a yak
   373 | D        | Reached skill level 1 in Polearms
   373 | D        | Reached skill level 10 in Fire Magic
   373 | D        | Reached XP level 7. HP: 29/41 MP: 8/17
   379 | D        | Found a sparkling altar of Nemelex Xobeh.
   471 | D        | Found a burning altar of Makhleb.
   471 | D        | Found a viscous altar of Jiyva.
   471 | D        | Found a shimmering altar of Xom.
   471 | D        | Found a corrupted altar of Lugonu.
   471 | D        | Noticed a slime creature
   487 | D        | Killed a slime creature
   488 | D        | Reached skill level 5 in Dodging
   560 | D        | Noticed Sonja
   572 | D        | Killed Sonja
   572 | D        | Reached * piety under Sif Muna
   573 | D        | Reached skill level 11 in Fire Magic
   573 | D        | Reached XP level 8. HP: 36/46 MP: 12/20
   760 | D        | Found Ihihomu's Assorted Antiques.
   780 | D        | Noticed a deep troll
   792 | D        | Killed a deep troll
   793 | D        | Reached skill level 12 in Fire Magic
   793 | D        | Reached XP level 9. HP: 42/51 MP: 10/22
   875 | D        | Found Asymn's Armour Emporium.
   902 | D        | Learned a level 5 spell: Fireball
   908 | D        | Noticed a centaur warrior
   908 | D        | Noticed a centaur warrior
   908 | D        | Killed a centaur warrior
   908 | D        | Killed a centaur warrior
   908 | D        | Reached ** piety under Sif Muna
   909 | D        | Reached skill level 5 in Polearms
   909 | D        | Reached skill level 13 in Fire Magic
  1032 | D        | Noticed a hornet
  1037 | D        | Killed a hornet
  1190 | D        | Noticed an oklob plant
  1280 | D        | Killed an oklob plant
  1281 | D        | Reached skill level 10 in Stealth
  1281 | D        | Reached XP level 10. HP: 56/56 MP: 9/25
  1378 | D        | HP: 2/57 [poisoned by a redback]
  1674 | D        | Reached *** piety under Sif Muna
  1694 | D        | Noticed an unseen horror
  1700 | D        | Killed an unseen horror
  1701 | D        | Reached skill level 1 in Invocations
  1809 | D        | Noticed an unseen horror
  1812 | D        | Killed an unseen horror
  1813 | D        | Reached skill level 1 in Fighting
  1903 | D        | Reached **** piety under Sif Muna
  1914 | D        | Reached ***** piety under Sif Muna
  1914 | D        | Received a gift from Sif Muna
  1931 | D        | Paralysed by a floating eye for 3 turns
  1937 | D        | Paralysed by a floating eye for 2 turns
  1943 | D        | Reached skill level 14 in Fire Magic
  2135 | D        | Identified the +12 plate armour "Otosag" {Fly Dex+3}
  2139 | D        | Found Kuitz's Antique Armour Shoppe.
  2139 | D        | Found Isuocw's Assorted Antiques.
  2139 | D        | Found Estralah's Antique Armour Boutique.
  2141 | D        | Found Porid's Antique Armour Emporium.
  2141 | D        | Found Rewiykk's Book Shop.
  2141 | D        | Found Baijap's Jewellery Shoppe.
  2141 | D        | Found Kuoshang's Distillery.
  2141 | D        | Found Daeti's Weapon Emporium.
  2141 | D        | Found Tanaful's Armour Shop.
  2141 | D        | Found Lionaleck's Book Shoppe.
  2145 | D        | Found Tuegranu's Book Boutique.
  2146 | D        | Found Ilyaloac's Armour Emporium.
  2146 | D        | Found Zuewash's Jewellery Boutique.
  2147 | D        | Found Fegaukh's Book Emporium.
  2158 | D        | Bought an Inescapable Atlas for 408 gold pieces
  2161 | D        | Learned a level 2 spell: Blink
  2170 | D        | Bought a potion of lignification for 36 gold pieces
  2170 | D        | Bought a potion of heal wounds for 60 gold pieces
  2171 | D        | Bought the ring "Zanin" {AC+4 Int+5 Dex+3} for 837 gold
                  | pieces
  2171 | D        | Bought a ring of magical power for 280 gold pieces
  2333 | D        | Learned a level 5 spell: Iskenderun's Battlesphere
  2450 | D        | Noticed a shining eye
  2450 | D        | Noticed a shining eye
  2450 | D        | Noticed a shining eye
  2452 | D        | Received a gift from Sif Muna
  2453 | D        | Paralysed by a floating eye for 4 turns
  2458 | D        | Paralysed by a floating eye for 4 turns
  2478 | D        | Killed a shining eye
  2479 | D        | Reached skill level 1 in Translocations
  2482 | D        | Killed a shining eye
  2483 | D        | Reached skill level 10 in Conjurations
  2483 | D        | Reached skill level 5 in Invocations
  2489 | D        | Reached XP level 11. HP: 66/66 MP: 18/27
  2493 | D        | Got Sif Muna's Incunabulum of Stolen Souls {god gift}
  2569 | D        | Noticed a shining eye
  2571 | D        | Noticed a shining eye
  2573 | D        | Killed a shining eye
  2584 | D        | Killed a shining eye
  2585 | D        | Reached skill level 1 in Shields
  2585 | D        | Killed a shining eye
  2590 | D        | Noticed a shining eye
  2591 | D        | Received a gift from Sif Muna
  2592 | D        | Gained mutation: Your body sometimes deteriorates upon
                  | taking damage. [a shining eye]
  2593 | D        | Killed a shining eye
  2596 | D        | Got Sif Muna's Catalogue of the Arsonist {god gift}
  2745 | D        | Noticed a shining eye
  2745 | D        | Noticed a shining eye
  2760 | D        | Killed a shining eye
  2770 | D        | Killed a shining eye
  2781 | D        | Found Zyxzisar's Weapon Shoppe.
  2781 | D        | Found Gemac's Antique Weapon Shop.
  2781 | D        | Found Zeame's Distillery.
  2781 | D        | Found Tedojothama's General Store.
  2888 | D        | Reached skill level 5 in Translocations
  3073 | D        | Learned a level 7 spell: Orb of Destruction
  3079 | D        | Received a gift from Sif Muna
  3080 | D        | Got Quofelut's Volume of Mutagenic Damage Dealing {god
                  | gift}
  3203 | D        | Noticed a lindwurm
  3205 | D        | Killed a lindwurm
  3273 | D        | Reached skill level 15 in Fire Magic
  3274 | D        | Reached ****** piety under Sif Muna
  3292 | D        | Received a gift from Sif Muna
  3298 | D        | Got Wyotwolo's Collected Works on Conjuration {god gift}
  3305 | D        | Learned a level 5 spell: Bolt of Magma
  3456 | D        | Noticed a 12-headed hydra
  3469 | D        | Killed a 12-headed hydra
  3727 | D        | Reached XP level 12. HP: 74/74 MP: 20/29
  3850 | D        | Bought a ring of protection from fire for 350 gold pieces
  3970 | D        | Bought a ring of protection from cold for 350 gold pieces
  4161 | D        | Bought a +6 ring of intelligence for 819 gold pieces
  4201 | D        | Received a gift from Sif Muna
  4202 | D        | Got Sif Muna's Incunabulum of the Frostbite and
                  | Confrontation {god gift}
  4207 | D        | Learned a level 3 spell: Ozocubu's Armour
  4330 | D        | Noticed a lorocyproca
  4336 | D        | HP: 2/74 [something (28)]
  4338 | D        | Mangled by a lorocyproca

Illustrated notes

Levels and vault maps discovered:
D:        dungeon_sprint_1 [red_sonja_temple_1, red_sonja_temple_small_1]

Skill      XL: |  1  2  3  4  5  6  7  8  9 10 11 12 |
---------------+-------------------------------------+-----
Stealth        | 3 4 5 6 8 9 10 | 10.1
Spellcasting   | 3 4 6 7 8 9 11 12 13 | 13.5
Fire Magic     | 5 7 9 10 11 12 13 14 15 | 15.7
Dodging        | 3 4 5 6 7 |  7.3
Conjurations   | 2 3 4 6 7 9 10 12 | 12.5
Unarmed Combat | 1 2 3 |  3.0
Polearms       | 1 3 4 5 7 8 9 |  9.0
Invocations    | 5 7 |  7.2
Fighting       | 2 3 4 |  4.0
Translocations | 2 5 |  5.0
Shields        | 1 |  1.9
Hexes          | |  0.4
Earth Magic    | |  0.6

Action                   |  1- 3 |  4- 6 |  7- 9 | 10-12 || total
-------------------------+-------+-------+-------+-------++-------
Melee: Unarmed           |     8 |       |       |       ||     8
       Constrict         |     1 |       |       |    12 ||    13
       Tentacles         |     1 |       |       |     6 ||     7
       Scythe            |       |     3 |       |    45 ||    48
 Cast: Foxfire           |     9 |     8 |    11 |    30 ||    58
       Conjure Flame     |     1 |     1 |     3 |     3 ||     8
       Sticky Flame      |       |     2 |     3 |    20 ||    25
       Inner Flame       |       |       |     1 |       ||     1
       Fireball          |       |       |     9 |    29 ||    38
       Iskenderun's Batt |       |       |       |     9 ||     9
       Bolt of Magma     |       |       |       |    11 ||    11
       Orb of Destructio |       |       |       |     5 ||     5
       Ozocubu's Armour  |       |       |       |     1 ||     1
Invok: Channel Magic     |       |       |       |     2 ||     2
Evoke: Wand              |       |       |       |     1 ||     1
  Use: Potion            |     3 |       |       |     4 ||     7
       Scroll            |       |       |       |     1 ||     1
 Stab: Sleeping          |       |     1 |       |       ||     1
Armor: Skin              |     1 |     2 |       |    17 ||    20
Dodge: Dodged            |     2 |     3 |     5 |    53 ||    63
Block: Other             |       |       |       |    17 ||    17

Table legend: (Time is in decaauts)
 A = Elapsed time spent in this place.
 B = Non-inter-level travel time spent in this place.
 C = Inter-level travel time spent in this place.
 D = Time resting spent in this place.
 E = Time spent auto-exploring this place.
 F = Levels seen in this place.
 G = Mean time per level.
                   A        B        C        D        E       F      G
               +--------+--------+--------+--------+--------+-----+--------+
         Total |   4367 |   4231 |    136 |   2467 |      0 |   1 | 4367.0 |
       Dungeon |   4367 |   4231 |    136 |   2467 |      0 |   1 | 4367.0 |
               +--------+--------+--------+--------+--------+-----+--------+

Top non-repeatable levels by time:
       D: 4367 daAuts
